 Dungeon Crawl Stone Soup version 0.26.1-11-gd32895ea62 (webtiles) character file.

Game seed: 7685086783477794277

5260 pascalblue the Jinx (level 10, -9/50 HPs)
             Began as a Deep Elf Conjurer on May 3, 2021.
             Was a Believer of Sif Muna.
             Mangled by an orc knight
             ... wielding a +0 bardiche
              (26 damage)
             ... in a bailey.
             The game lasted 00:32:40 (10017 turns).

pascalblue the Jinx (Deep Elf Conjurer)            Turns: 10017, Time: 00:32:42

Health: -9/50      AC: 11    Str:  4    XL:     10   Next: 36%
Magic:  9/34       EV: 13    Int: 30    God:    Sif Muna [**....]
Gold:   104        SH:  0    Dex: 17    Spells: 16/27 levels left

rFire    . . .     SeeInvis .   O - +2 glaive (vorpal)
rCold    + . .     Faith    .   (shield currently unavailable)
rNeg     . . .     Spirit   .   a - +0 robe
rPois    .         Reflect  .   M - +2 hat {Will+}
rElec    .         Harm     .   E - +2 cloak "Resior" {Regen+ Int+3 Dex+4 Slay+3}
rCorr    .         Rampage  .   (no gloves)
Will     ++...                  (no boots)
Stlth    ++........             (no amulet)
HPRegen  0.56/turn              H - ring of Lady Luck {rC+ AC+4}
MPRegen  0.24/turn              N - ring of magical power

@: no status effects
A: no striking features
a: Renounce Religion, Channel Magic


You were in a bailey.
You worshipped Sif Muna.
Sif Muna was pleased with you.
You visited 1 branch of the dungeon, and saw 9 of its levels.
You also visited: Bailey.

You collected 562 gold pieces.
You spent 458 gold pieces at shops.

Inventory:

Hand Weapons
 h - a +1 short sword of protection
 q - a +3 quarterstaff of chaos
 u - the +1 hunting sling "Rylod" {venom, Str+4}
   (You found it on level 4 of the Dungeon)

   It poisons the ammo it fires.
   It affects your strength (+4).
 A - a +0 war axe of flaming
 G - a +1 mace of holy wrath
 O - a +2 vorpal glaive (weapon)
Missiles
 p - 37 boomerangs
 x - 30 poisoned darts
Armour
 a - a +0 robe (worn)
 n - a scarf of shadows
 s - a +2 cloak of preservation
 E - the +2 cloak "Resior" (worn) {Regen+ Int+3 Dex+4 Slay+3}
   (You bought it in a shop on level 4 of the Dungeon)

   It affects your intelligence (+3).
   It affects your dexterity (+4).
   It affects your accuracy and damage with ranged weapons and melee attacks
   (+3).
   It increases your rate of regeneration.
 M - a +2 hat of willpower (worn)
Jewellery
 c - an uncursed ring of teleportation
 i - an uncursed ring of willpower
 m - an uncursed ring of see invisible
 t - an uncursed ring of resist corrosion
 B - an uncursed ring of fire
 H - the ring of Lady Luck (left hand) {rC+ AC+4}
   (You found it on level 7 of the Dungeon)

   [ring of protection]

   It affects your AC (+4).
   It protects you from cold.
 L - an uncursed ring of protection from fire
 N - a ring of magical power (right hand)
Wands
 w - a wand of disintegration (9)
 D - a wand of polymorph (9)
Scrolls
 f - 3 scrolls of blinking
 j - 5 scrolls of remove curse
 F - 2 scrolls of teleportation
Potions
 b - 2 potions of might
 d - 5 potions of brilliance
 e - a potion of magic
 g - 7 potions of curing
 k - a potion of lignification {unknown}
 l - a potion of cancellation {unknown}
 o - 3 potions of attraction
 r - 2 potions of haste
 v - a potion of mutation {unknown}
 z - a potion of heal wounds {unknown}


   Skills:
 - Level 2.4 Dodging
 - Level 2.4 Stealth
 + Level 9.2 Spellcasting
 * Level 11.2 Conjurations
 * Level 11.3 Hexes
 + Level 1.4 Translocations
 + Level 4.9 Invocations


You had 16 spell levels left.
You knew the following spells:

 Your Spells              Type           Power        Failure   Level
a - Magic Dart            Conj           100%         1%          1
b - Searing Ray           Conj           100%         1%          2
c - Fulminant Prism       Conj/Hex       34%          1%          4
d - Iskenderun's Mystic   Conj/Tloc      51%          2%          4

Your spell library contained the following spells:

 Spells                   Type           Power        Failure   Level
 Dazzling Flash           Conj/Hex       100%         1%          3
 Poisonous Vapours        Pois/Air       26%          6%          2


Dungeon Overview and Level Annotations

Branches:
Dungeon (9/15)             Temple (0/1) D:6          Bailey (1/1)
   Lair: D:8-11         Orc: D:9-12

Altars:
Ashenzari
Cheibriados
Kikubaaqudgha
Nemelex Xobeh
Okawaru
Qazlal
Sif Muna
Trog
Vehumet
Xom

Shops:
D:4 [   D:6 (   D:8 =(

Annotations:
D:8 Joseph


Message History

The searing ray misses the orc knight.
The searing ray hits the orc warrior!
You kill the orc warrior!
Sif Muna accepts your kill. (Press . to maintain the ray.)
Your fulminant prism crackles loudly.
The orc knight hits you from afar with a +0 bardiche!
The searing ray hits the orc knight!
The orc knight is lightly wounded.
Your fulminant prism explodes!
The blast of energy engulfs the orc knight!!
The orc knight is heavily wounded.
Casting: Searing Ray (safe; 1% risk of failure)
Confirm with . or Enter, or press ? or * to list all spells.
Aiming: Fulminant Prism (safe; 1% risk of failure)
Press: ? - help, Dir - move target, p - orc knight You conjure a prism of explosive energy!
A fulminant prism comes into view.
The orc knight hits you from afar with a +0 bardiche!!
Ouch! That really hurt!
You die...

### ##∩## #@(.#
#).(#
o≈≈.o.))).≈*o≈≈
oo≈o.*....≈)∩.≈
≈)≈≈)......≈≈)≈≈
≈≈≈..#...#.)≈≈≈.
....##...##.....
#### ##∩## #####
##


You could see 2 orc knights and a friendly fulminant prism.

Vanquished Creatures
  Gastronok (D:8)
  Grinder (D:5)
  Grum (D:8)
  Duvessa (D:5)
  2 sky beasts
  11 orc warriors
  An ice beast (D:6)
  4 ogres (D:8)
  A centaur (D:8)
  A phantom (D:4)
  3 wolves (D:8)
  3 scorpions
  Dowan (D:5)
  A wyvern skeleton (D:8)
  An electric eel (D:6)
  3 howler monkeys (D:7)
  5 hounds
  Crazy Yiuf (D:3)
  An orc priest (D:3)
  A bullfrog skeleton (D:5)
  4 iguanas
  Ijyb (D:5)
  3 orc wizards
  7 worker ants
  2 hound skeletons
  5 adders
  A howler monkey skeleton (D:4)
  3 white imps
  2 ufetubi
  An ooze (D:5)
  2 adder skeletons (D:6)
  2 worms
  9 dart slugs
  7 leopard geckos
  22 orcs
  8 giant cockroaches
  10 goblins
  4 hobgoblins
  11 jackals
  7 kobolds
  2 quokkas
  A ball python (D:3)
  11 bats
  4 frilled lizards
  A giant cockroach zombie (D:5)
  3 leopard gecko skeletons
  9 rats
  A fulminant prism (Bailey)
187 creatures vanquished.

Vanquished Creatures (others)
  An iguana (D:4)
  A worker ant (D:4)
  A dart slug (D:4)
  2 orcs (D:4)
  10 fulminant prisms (Bailey)
15 creatures vanquished.

Grand Total: 202 creatures vanquished

Notes
Turn   | Place    | Note
-------+----------+-------------------------------------------
     0 | D:1      | pascalblue the Deep Elf Conjurer began the quest for the
                  | Orb.
     0 | D:1      | Reached XP level 1. HP: 10/10 MP: 6/6
   305 | D:1      | Noticed a bullfrog
   453 | D:1      | Reached XP level 2. HP: 15/15 MP: 4/8
   491 | D:1      | Learned a level 2 spell: Searing Ray
   706 | D:1      | Reached skill level 5 in Conjurations
  1117 | D:1      | Reached XP level 3. HP: 15/19 MP: 0/10
  1447 | D:2      | Found a bloodstained altar of Trog.
  1563 | D:2      | Reached XP level 4. HP: 24/24 MP: 6/12
  1568 | D:2      | Learned a level 4 spell: Fulminant Prism
  1777 | D:2      | Reached skill level 1 in Hexes
  2894 | D:3      | Found an ancient bone altar of Kikubaaqudgha.
  3031 | D:3      | Found a sparkling altar of Nemelex Xobeh.
  3321 | D:3      | Reached XP level 5. HP: 14/28 MP: 3/13
  3929 | D:3      | Found a runed translucent door.
  3930 | D:3      | Noticed Crazy Yiuf
  3936 | D:3      | Killed Crazy Yiuf
  4032 | D:4      | You fall into a shaft and drop 1 floor!
  4032 | D:5      | Entered Level 5 of the Dungeon
  4037 | D:5      | Noticed a sky beast
  4055 | D:4      | Killed a sky beast
  4056 | D:4      | Reached skill level 5 in Spellcasting
  4056 | D:4      | Reached XP level 6. HP: 29/32 MP: 4/15
  4658 | D:4      | Reached XP level 7. HP: 25/36 MP: 12/17
  4808 | D:4      | Found Urghyco's Antique Armour Emporium.
  4816 | D:4      | Reached skill level 5 in Hexes
  4843 | D:4      | Got a crystal hunting sling
  4844 | D:4      | Identified the +1 hunting sling "Rylod" {venom, Str+4} (You
                  | found it on level 4 of the Dungeon)
  4979 | D:4      | Found a shimmering altar of Xom.
  5043 | D:4      | Found a snail-covered altar of Cheibriados.
  5375 | D:5      | Noticed a fire elemental
  5525 | D:5      | Found an ancient bone altar of Kikubaaqudgha.
  5541 | D:5      | Noticed Dowan
  5551 | D:5      | Noticed Duvessa
  5563 | D:5      | Killed Dowan
  5565 | D:5      | Killed Duvessa
  5768 | D:5      | Noticed Ijyb
  5784 | D:5      | Killed Ijyb
  6043 | D:5      | Reached XP level 8. HP: 41/41 MP: 13/19
  6088 | D:5      | Found a stormy altar of Qazlal.
  6096 | D:5      | Noticed an air elemental
  6177 | D:5      | Noticed Grinder
  6187 | D:5      | Killed Grinder
  6366 | D:5      | Found a shimmering blue altar of Sif Muna.
  6372 | D:5      | Identified Sif Muna's Compendium of Envenoming
  6375 | D:5      | Became a worshipper of Sif Muna the Loreminder
  6381 | D:5      | Found a bloodstained altar of Trog.
  6730 | D:6      | Reached skill level 1 in Invocations
  7016 | D:6      | Found Bouxikim's Weapon Boutique.
  7187 | D:4      | Bought a warped cloak for 218 gold pieces
  7197 | D:4      | Identified the +2 cloak "Resior" {Regen+ Int+3 Dex+4
                  | Slay+3} (You bought it in a shop on level 4 of the Dungeon)
  7293 | D:6      | Found a staircase to the Ecumenical Temple.
  7392 | D:6      | Found a stormy altar of Qazlal.
  7399 | D:6      | Found an iron altar of Okawaru.
  7403 | D:6      | Found a radiant altar of Vehumet.
  7459 | D:6      | Reached * piety under Sif Muna
  7796 | D:7      | Got a brightly glowing tin ring
  8731 | D:8      | Noticed Joseph
  8732 | D:8      | Reached XP level 9. HP: 45/45 MP: 15/22
  9055 | D:8      | Found Fotzuss's Jewellery Shop.
  9245 | D:8      | Found Xuitixy's Antique Weapon Boutique.
  9307 | D:8      | Noticed Gastronok
  9324 | D:8      | Killed Gastronok
  9325 | D:8      | Reached skill level 10 in Conjurations
  9325 | D:8      | Reached skill level 10 in Hexes
  9325 | D:8      | Reached XP level 10. HP: 18/50 MP: 2/24
  9418 | D:8      | Bought an uncursed ring of magical power for 240 gold
                  | pieces
  9419 | D:8      | Identified the ring of Lady Luck {rC+ AC+4} (You found it
                  | on level 7 of the Dungeon)
  9545 | D:8      | Noticed Grum
  9560 | D:8      | Killed Grum
  9595 | D:8      | Learned a level 4 spell: Iskenderun's Mystic Blast
  9869 | D:9      | Found a flagged portal.
  9874 | D:9      | Reached ** piety under Sif Muna
  9901 | D:9      | Found a broken altar of Ashenzari.
  9930 | Bailey   | Entered a bailey
  9950 | Bailey   | Reached skill level 1 in Translocations
  9973 | Bailey   | Identified the cursed +1 chain mail "Pargh" {rElec rC-
                  | MP+9}
 10011 | Bailey   | Noticed an orc knight
 10013 | Bailey   | Noticed an orc knight
 10017 | Bailey   | Mangled by an orc knight

Illustrated notes

Levels and vault maps discovered:
D:1:      evilmike_arrival_come_back, layout_loops_corners
D:2:      kennysheep_six_static_rooms, layout_basic, dk_vineyard_3,
          amethyst_killhole, trog_three_pillars_becter
D:3:      layout_basic, lemuel_crystal_altar, nemelex_spade_bored_becter,
          uniq_crazy_yiuf_cottage
D:4:      layout_loops_ring, xom_confusion_cloud,
          nicolae_overflow_hidden_temple, serial_shops, shop
D:5:      lemuel_ice_spiral_2, layout_rooms,
          nzn_overflow_gifts_of_might_and_magic, basic_altar,
          nicolae_qazlal_style_of_elements, uniq_duvessa, uniq_ijyb,
          uniq_grinder
D:6:      kennysheep_slugbush, layout_rooms, minitemple, temple_statues,
          serial_shops, nicolae_shop_behind_doors
D:7:      layout_loops_corners
D:8:      layout_basic, serial_shops, shop_coins, shop, uniq_gastronok,
          uniq_joseph, uniq_grum
D:9:      layout_loops_cross, grunt_temple_overflow_opulence,
          nicolae_ru_great_annihilating_truth, nicolae_ashenzari_panopticon,
          enter_bailey_5
Bailey:   bailey_polearm_4, bailey

Skill      XL: |  1  2  3  4  5  6  7  8  9 10 |
---------------+-------------------------------+-----
Conjurations   | 5 6 7 8 9 10 11 | 11.2
Spellcasting   | 4 5 6 7 8 9 |  9.2
Hexes          | 2 4 6 8 10 11 | 11.3
Invocations    | 2 4 |  4.9
Translocations | 1 |  1.4
Dodging        | |  2.4
Stealth        | |  2.4

Action                   |  1- 3 |  4- 6 |  7- 9 | 10-12 || total
-------------------------+-------+-------+-------+-------++-------
Melee: Unarmed           |     4 |       |       |       ||     4
 Cast: Magic Dart        |    63 |    93 |   113 |    18 ||   287
       Searing Ray       |       |    14 |    39 |    14 ||    67
       Fulminant Prism   |       |       |       |    12 ||    12
  Use: Scroll            |     3 |     5 |       |     9 ||    17
       Potion            |       |       |       |     2 ||     2
Armor: Robe              |     1 |     5 |    12 |    10 ||    28
Dodge: Dodged            |     8 |    20 |    38 |    13 ||    79
